Map: Habitation Station LE (Void)

Players

STATIC

  • Race: Terran Terran
  • Spawn Location: 11:00

oliM - Winner!

  • Race: Protoss Protoss
  • League: Grandmaster
  • Spawn Location: 1:00

VOD

Have the link to the VOD?

Description

Time

  • Played on: Dec. 4, 2016, 12:59 a.m.
  • Length: 12:44
Show
View Real Time Build Order
Export as new Build Order

STATIC Terran 

Build Orders: MMM Bio 

Get SALT Encoding   

  12  0:00  SCV  
  13  0:13  SCV  
  14  0:17  Supply Depot  
  14  0:25  SCV  
  15  0:31  Refinery  
  15  0:38  SCV  
  16  0:46  Barracks  
  16  0:50  SCV  
  17  1:03  SCV  
  18  1:15  SCV  
  19  1:34  Marine  
  19  1:35  Orbital Command  
  19  1:38  Supply Depot  
  20  1:46  Factory  
  20  1:52  Barracks Reactor  
  20  2:02  SCV  
  21  2:12  Command Center  
  21  2:19  SCV  
  22  2:25  Barracks  
  22  2:29  Marine  
  23  2:31  SCV  
  23  2:33  Marine  
  25  2:44  Widow Mine, Supply Depot  
  25  2:47  Marine  
  25  2:50  SCV  
  28  2:52  Marine  
  29  3:02  SCV  
  29  3:04  Marine  
  31  3:07  Barracks  
  31  3:13  Widow Mine  
  31  3:15  Barracks Tech Lab, SCV  
  34  3:26  Refinery  
  33  3:27  SCV  
  33  3:31  Orbital Command  
  33  3:39  SCV  
  34  3:41  Widow Mine  
  36  3:51  SCV  
  36  3:52  Stimpack  
  36  3:54  Engineering Bay  
  37  3:57  SCV  
  38  4:14  SCV  
  38  4:16  Starport  
  41  4:18  SCV, Barracks Reactor  
  40  4:26  SCV  
  40  4:28  Terran Infantry Weapons Level 1  
  40  4:30  SCV  
  40  4:34  Marine x2  
  40  4:38  SCV  
  41  4:41  Marine  
  41  4:42  SCV  
  41  4:43  Bunker  
  40  4:50  SCV  
  40  4:51  Bunker  
  40  4:52  Marine x2  
  42  4:53  Supply Depot  
  42  4:59  Marauder  
  43  5:01  SCV  
  43  5:02  SCV  
  44  5:10  Marine  
  44  5:13  SCV  
  45  5:14  SCV  
  42  5:21  Marine  
  42  5:25  SCV  
  42  5:27  SCV, Marine x2  
  41  5:36  Medivac  
  41  5:37  SCV  
  41  5:39  SCV  
  43  5:46  Missile Turret  
  44  5:50  SCV  
  44  5:51  SCV  
  44  5:53  Barracks Tech Lab, Marine x2  
  47  6:00  Concussive Shells  
  47  6:01  Marauder  
  47  6:02  SCV  
  47  6:03  SCV  
  51  6:05  Barracks  
  51  6:06  Barracks  
  51  6:08  Supply Depot  
  51  6:14  SCV  
  51  6:15  SCV  
  51  6:16  Medivac x2  
  57  6:21  Refinery  
  57  6:23  Marauder, Refinery  
  59  6:26  SCV  
  59  6:27  Marauder  
  59  6:30  SCV  
  63  6:34  Supply Depot  
  63  6:38  SCV  
  64  6:44  Marine  
  64  6:45  Marauder  
  67  6:48  Barracks Tech Lab, Combat Shields  
  67  6:49  Viking  
  69  6:54  Marine  
  69  6:55  Marine x2  
  69  6:56  Viking  
  74  7:02  Marine  
  74  7:03  SCV  
  74  7:04  Supply Depot  
  74  7:06  Marine  
  74  7:07  Supply Depot  
  74  7:08  Marine  
  78  7:14  Marine  
  78  7:20  Marine  
  78  7:21  Liberator x2  
  74  7:23  Marine  
  74  7:26  Marine  
  74  7:27  Barracks Reactor  
  74  7:28  Barracks Reactor  
  74  7:31  Marine  
  74  7:33  Terran Infantry Armor Level 1  
  75  7:38  Marine  
  75  7:42  Marauder  
  75  7:43  Marine  
  85  7:49  Marine  
  86  7:55  Marine  
  87  7:58  Supply Depot  
  87  8:02  Marauder  
  87  8:03  Marauder, Marine  
  87  8:04  Marine x2  
  94  8:19  Marine x2  
  94  8:20  Supply Depot x2, Marine  
  94  8:21  Marine  
  94  8:23  Marauder  
  94  8:25  Marauder  
  102  8:34  Marine x2  
  100  8:37  Marine x2  
  102  8:42  Marine  
  98  8:48  Liberator x2  
  98  8:52  Marine x2  
  98  8:55  Marine  
  88  8:59  Marine  
  88  9:00  Marine  
  83  9:04  Marine  
  83  9:06  Marine x2  
  92  9:10  Marine x2  
  92  9:13  Marine  
  95  9:17  Marine x2  
  95  9:22  Marine  
  97  9:24  Marauder x2  
  97  9:28  Marine  
  97  9:30  Marine  
  77  9:31  Marine  
  77  9:33  Liberator x2  
  77  9:37  Marine x2  
  78  9:39  Marine  
  81  9:46  Marauder, Marine  
  81  9:51  Marauder  
  90  9:52  Marine  
  90  9:57  Marine  
  90  9:58  Marine  
  93  10:03  Marine  
  93  10:04  Marine x2  
  98  10:07  Marauder  
  84  10:16  Marauder, Marine  
  82  10:23  Marine  
  65  10:28  Marauder  
  65  10:32  Marine  
  65  10:34  Command Center  
  63  10:36  Medivac x2  
  63  10:38  Marauder  
  69  10:47  Marine x2  
  73  10:50  Marauder, Marine  
  73  10:53  Marine  
  73  10:56  Marine  
  76  11:02  Barracks  
  76  11:03  Barracks  
  59  11:04  Marine  
  59  11:05  Marine  
  59  11:06  Medivac x2, Marauder  
  67  11:12  Marine  
  67  11:13  Marine x2  
  67  11:16  Marine  
  50  11:30  Marauder  
  51  11:42  Marauder  
  51  11:46  SCV  
  52  11:50  Orbital Command  
  52  11:52  Marine x2  
  54  12:03  Marine x2  
  54  12:07  Marine  
  57  12:16  Marine  
  57  12:19  Marine x2  
Show
View Real Time Build Order
Export as new Build Order

oliM Protoss - Winner!

Build Orders: 1 Gate Expand, Blink Stalkers 

Get SALT Encoding   

  12  0:01  Probe (Chrono Boost)  
  13  0:11  Probe (Chrono Boost)  
  14  0:19  Pylon  
  14  0:22  Probe (Chrono Boost)  
  15  0:37  Gateway, Probe (Chrono Boost)  
  16  0:48  Probe (Chrono Boost)  
  17  0:50  Assimilator  
  17  0:58  Probe (Chrono Boost)  
  18  1:09  Probe (Chrono Boost)  
  19  1:19  Probe (Chrono Boost)  
  20  1:31  Probe (Chrono Boost)  
  21  1:33  Nexus  
  21  1:42  Cybernetics Core  
  21  1:46  Assimilator  
  21  1:52  Pylon  
  21  1:55  Probe (Chrono Boost)  
  22  2:06  Probe (Chrono Boost)  
  22  2:21  Mothership Core (Chrono Boost), Warp Gate (Chrono Boost)  
  22  2:22  Adept  
  26  2:39  Probe (Chrono Boost)  
  26  2:41  Twilight Council  
  27  2:48  Probe (Chrono Boost)  
  27  2:50  Probe (Chrono Boost)  
  29  2:58  Gateway, Probe (Chrono Boost)  
  29  3:00  Gateway  
  29  3:03  Robotics Facility  
  30  3:11  Stalker  
  32  3:24  Probe x2  
  32  3:25  Gateway  
  34  3:33  Blink (Chrono Boost)  
  34  3:38  Probe x2  
  36  3:51  Probe  
  36  3:55  Probe  
  38  3:56  Observer (Chrono Boost)  
  39  4:03  Probe  
  39  4:07  Probe, Pylon  
  35  4:15  Probe  
  35  4:19  Probe  
  35  4:21  Observer  
  36  4:28  Stalker  
  36  4:29  Stalker  
  38  4:32  Stalker  
  38  4:34  Probe x2  
  40  4:46  Probe x2 (Chrono Boost)  
  42  4:55  Immortal  
  42  4:58  Probe (Chrono Boost)  
  47  5:02  Probe (Chrono Boost)  
  48  5:09  Probe (Chrono Boost)  
  49  5:19  Probe (Chrono Boost)  
  48  5:30  Warp Prism  
  44  5:36  Probe (Chrono Boost)  
  44  5:41  Probe (Chrono Boost)  
  46  5:45  Stalker  
  46  5:46  Stalker x2  
  46  5:48  Probe (Chrono Boost)  
  53  5:52  Probe (Chrono Boost)  
  53  5:53  Pylon  
  53  5:54  Forge  
  54  6:11  Probe (Chrono Boost)  
  56  6:12  Probe (Chrono Boost)  
  55  6:21  Probe (Chrono Boost), Assimilator  
  55  6:22  Robotics Bay  
  55  6:23  Probe (Chrono Boost), Protoss Ground Weapons Level 1 (Chrono Boost)  
  55  6:25  Assimilator  
  57  6:32  Sentry, Probe (Chrono Boost)  
  60  6:34  Probe (Chrono Boost)  
  60  6:35  Pylon  
  61  6:42  Probe (Chrono Boost)  
  62  6:53  Probe x2 (Chrono Boost)  
  64  6:59  Stalker x3  
  70  7:10  Pylon  
  70  7:13  Probe  
  70  7:15  Probe  
  70  7:27  Probe  
  70  7:28  Disruptor (Chrono Boost), Probe  
  70  7:29  Resonating Glaives (Chrono Boost)  
  75  7:32  Nexus  
  75  7:33  Adept, Pylon  
  77  7:38  Pylon  
  77  7:39  Probe  
  78  7:48  Probe  
  77  7:51  Probe  
  77  7:54  Sentry  
  77  7:57  Disruptor (Chrono Boost)  
  80  8:00  Gateway, Probe  
  80  8:01  Gateway  
  80  8:03  Adept x2, Probe  
  80  8:04  Gateway  
  89  8:12  Probe  
  90  8:13  Pylon  
  90  8:15  Probe  
  91  8:21  Protoss Ground Armor Level 1 (Chrono Boost)  
  91  8:24  Probe  
  91  8:25  Adept  
  94  8:27  Disruptor  
  94  8:31  Probe  
  98  8:36  Adept x2  
  102  8:43  Probe  
  96  8:52  Adept  
  96  8:59  Disruptor  
  96  9:02  Adept x2  
  86  9:05  Stalker  
  86  9:06  Stalker  
  92  9:12  Adept x2, Pylon  
  88  9:25  Stalker x2  
  90  9:31  Disruptor  
  90  9:32  Adept  
  90  9:33  Adept x3  
  97  9:56  Stalker x2, Nexus  
  97  9:59  Pylon  
  101  10:09  Disruptor, Pylon  
  99  10:30  Stalker x5  
  99  10:31  Stalker  
  111  10:40  Disruptor  
  111  10:43  Assimilator  
  111  10:47  Assimilator  
  114  10:51  Probe  
  112  11:05  Stalker x2  
  112  11:06  Stalker  
  112  11:11  Disruptor  
  97  11:30  Stalker x5  
  104  11:42  Disruptor  
  104  11:47  Probe  
  106  11:53  Stalker x3  
  112  11:59  Adept x3  
  118  12:02  Pylon  
  118  12:03  Probe  
  119  12:20  Nexus  
  119  12:21  Pylon  
  119  12:23  Adept x5  
  119  12:24  Adept  
  132  12:37  Dark Shrine  
Tags
 
Add a new tag
Caveats
  • Supply blocks, unpowered buildings, or Contaminate may cause inaccurate times.
  • Supply counts are checked every 10 seconds.